 Dungeon Sprint DCSS version 0.27.0-66-gdc8fb28755 (webtiles) character file.

Game seed: 8689248114672646724

4780 styxcanada the Imperceptible (level 10, -7/53 HPs)
             Began as a Spriggan Brigand on Aug 20, 2021.
             Was an Initiate of Gozag.
             Mangled by an orange demon (11 damage)
             ... summoned by an orc high priest
             ... in the Dungeon (Sprint III: "The Ten Rune Challenge").
             The game lasted 00:15:41 (2833 turns).

styxcanada the Imperceptible (Spriggan Brigand)     Turns: 2833, Time: 00:15:42

Health: -7/53      AC:  5    Str:  9      XL:     10   Next: 23%
Magic:  19/24      EV: 26    Int:  6 (12) God:    Gozag
Gold:   1752       SH:  8    Dex: 21      Spells: 23/27 levels left

rFire    . . .     SeeInvis +   a - +2 dagger
rCold    . . .     Faith    .   m - +0 buckler
rNeg     . . .     Spirit   .   n - +2 robe {Will+}
rPois    .         Reflect  .   (helmet restricted)
rElec    .         Harm     .   c - +0 cloak
rCorr    .         Rampage  .   (gloves unavailable)
Will     ++...     NoTele   +   (boots unavailable)
Stlth    ++++++++..             (no amulet)
HPRegen  0.17/turn              (no ring)
MPRegen  0.19/turn              (no ring)

@: weakened, very quick
A: very small, no large weapons, unfitting armour, see invisible, speed 3, beak,
strong 1, subdued magic 1
a: Renounce Religion, Potion Petition, Call Merchant, Bribe Branch


You were in the Dungeon.
You worshipped Gozag.
Gozag was most pleased with you.
You visited 1 branch You collected 1752 gold pieces.

Inventory:

Hand Weapons
 a - a +2 dagger (weapon)
 b - a +1 long sword of holy wrath
Missiles
 d - 8 curare-tipped darts
 e - 7 poisoned darts
 l - 27 stones (quivered)
Armour
 c - a +0 cloak (worn)
 m - a +0 buckler (worn)
 n - a +2 robe of willpower (worn)
Wands
 v - a wand of iceblast (7)
Potions
 f - 2 potions of curing
 g - a potion of heal wounds
 h - a potion of haste
 i - 2 potions of magic
 q - 2 potions of might
 r - 2 potions of flight
 u - a potion of invisibility


   Skills:
 * Level 6.5 Fighting
 + Level 5.2(5.7) Short Blades
 + Level 2.5(3.6) Long Blades
 + Level 5.9 Throwing
 * Level 10.2 Dodging
 * Level 21.4 Stealth
 * Level 5.7 Shields
 * Level 9.0 Spellcasting
 * Level 8.0 Hexes
 * Level 5.0 Ice Magic


You had 23 spell levels left.
You knew the following spells:

 Your Spells              Type           Power      Damage    Failure   Level
a - Animate Skeleton      Necr           4%         N/A       19%         1
b - Ensorcelled Hibernat  Hex/Ice        16%        N/A       1%          2
c - Corona                Hex            10%        N/A       1%          1

Your spell library contained the following spells:

 Spells                   Type           Power      Damage    Failure   Level
 Apportation              Tloc           4%         N/A       19%         1
 Summon Small Mammal      Summ           8%         N/A       19%         1
 Spider Form              Tmut/Pois      1%         N/A       50%         3
 Shadow Creatures         Summ           N/A        N/A       100%        6


Dungeon Overview and Level Annotations

Branches:
Dungeon (1/1)

Altars:
Cheibriados
Dithmenos
Elyvilon
Fedhas
Gozag
Hepliaklqana
Kikubaaqudgha
Makhleb
Nemelex Xobeh
Okawaru
Qazlal
Ru
Sif Muna
Trog
Uskayaw
Vehumet
Wu Jian
Xom
Yredelemnul
Zin
The Shining One
Beogh
Jiyva
Lugonu


Innate Abilities, Weirdness & Mutations

You are very small and have problems with some larger weapons.
You are too small for most types of armour.
You have supernaturally acute eyesight. (SInv)
You cover ground extremely quickly. (Speed+++)
You have a beak for a mouth.
Your muscles are strong. (Str +2)
Your spells are a little easier to cast, but a little less powerful.


Message History

The neqoxec hits the plant.
The sun demon hits the plant!
The plant is engulfed in flames!!
Casting: Ensorcelled Hibernation (safe; 1% risk of failure)
Confirm with . or Enter, or press ? or * to list all spells.
Aiming: Ensorcelled Hibernation (safe; 1% risk of failure)
Press: ? - help, Shift-Dir - straight line, f/p - orc high priest
Aim: an orc high priest, wielding a +0 glaive (lightly wounded, chance to affect: 14%)
The orc high priest resists with almost no effort.
A nearby plant withers and dies.
The orc high priest hits you with a +0 glaive.
The orange demon completely misses you.
The neqoxec hits the plant.
The orc high priest invokes the aid of Beogh against you.
Beogh smites you! You block the orange demon's attack.
The orange demon hits you!
You feel your attacks grow feeble.
You hit the orc high priest.
You peck the orc high priest, but do no damage.
The orc high priest is lightly wounded.
A nearby plant withers and dies.
The orc high priest misses you. You block the orc high priest's attack.
The orc priest hits the plant with a +0 hand axe.
The orange demon closely misses you. The neqoxec gestures at you.
You feel dopey. Something feeds on your intellect!
You barely miss the orange demon.
You peck the orange demon, but do no damage.
You block the orange demon's attack. The orange demon hits you.
You feel as though you will be weak longer.
The orc high priest hits you from afar with a +0 halberd!
* * * LOW HITPOINT WARNING * * *
The orc high priest misses you. The orange demon barely misses you.
Blink to where?
Press: ? - help, Dir - move target, p - orc high priest
As you read the scroll of blinking, it crumbles to dust.
A nearby plant withers and dies.
The orange demon completely misses you. The orange demon barely misses you.
Something hits the plant! x2
The orange demon stings you from afar!
You die...
Your body crumbles into a pile of gold.

#.#..#.##.###.#......#
##.#.#.##.#).##......#
...#..#..##.)'.^^^...#
▓▓▓▓▓▓▓▓▓▓▓▓▓#..^.^.^#
.......≈≈≈...#....^..#
≈≈≈≈≈≈≈≈≈♣♣P.'..^.^..#
♣♣♣♣♣♣♣♣♣♣♣PP#...^...#
♣♣♣##'########
#..@'.≈§§≈#
$$#...#4≈≈≈§#
$$#...#o#≈≈§# #####4#
≈§§#


#oPoo.# ≈≈§ #..o3P# ≈§§ $ #444..# §≈ #...3.# ≈ #+##### You could see an orange
demon (summoned).

Vanquished Creatures
  Dowan (D)
  Erolcha (D)
  A deep elf pyromancer (D)
  Duvessa (D)
  2 redbacks (D)
  A shadow (D)
  A spatial vortex (D)
  A necrophage (D)
  5 two-headed ogres (D)
  A water elemental (D)
  A jelly (D)
  Jessica (D)
  A wizard (D)
  A necromancer (D)
  3 humans (D)
  2 wandering mushrooms (D)
  A kobold demonologist (D)
  A phantom (D)
  An endoplasm (D)
  2 rats (D)
29 creatures vanquished.

Vanquished Creatures (others)
  A wandering mushroom (D)
  9 plants (D)
10 creatures vanquished.

Grand Total: 39 creatures vanquished

Notes
Turn   | Place    | Note
-------+----------+-------------------------------------------
     0 | D        | styxcanada the Spriggan Brigand began the quest for the
                  | Orb.
     0 | D        | Reached XP level 1. HP: 10/10 MP: 2/2
    11 | D        | Reached skill level 6 in Stealth
   334 | D        | Noticed Jessica
   337 | D        | Killed Jessica
   338 | D        | Reached skill level 9 in Stealth
   338 | D        | Reached XP level 2. HP: 15/15 MP: 3/3
   339 | D        | Reached XP level 3. HP: 18/18 MP: 4/4
   381 | D        | Reached skill level 10 in Stealth
   407 | D        | Gained mutation: You sometimes lose the ability to read
                  | scrolls when taking damage. [potion of mutation]
   407 | D        | Gained mutation: You possess an exceptional clarity of
                  | mind. [potion of mutation]
   408 | D        | Lost mutation: You sometimes lose the ability to read
                  | scrolls when taking damage. [potion of mutation]
   408 | D        | Gained mutation: Your body sometimes deteriorates upon
                  | taking damage. [potion of mutation]
   408 | D        | Gained mutation: You sometimes lose the ability to read
                  | scrolls when taking damage. [potion of mutation]
   408 | D        | Gained mutation: Your muscles are strong. (Str +2) [potion
                  | of mutation]
   409 | D        | Lost mutation: You possess an exceptional clarity of mind.
                  | [potion of mutation]
   409 | D        | Lost mutation: You sometimes lose the ability to read
                  | scrolls when taking damage. [potion of mutation]
   409 | D        | Lost mutation: Your body sometimes deteriorates upon taking
                  | damage. [potion of mutation]
   409 | D        | Gained mutation: Your spells are a little easier to cast,
                  | but a little less powerful. [potion of mutation]
   409 | D        | Gained mutation: You have a beak for a mouth. [potion of
                  | mutation]
   423 | D        | Noticed a water elemental
   426 | D        | Killed a water elemental
   427 | D        | Reached skill level 12 in Stealth
   427 | D        | Reached skill level 1 in Shields
   427 | D        | Reached XP level 4. HP: 23/23 MP: 5/5
   437 | D        | Noticed a shadow
   439 | D        | Killed a shadow
   440 | D        | Reached skill level 5 in Dodging
   440 | D        | Reached skill level 15 in Stealth
   440 | D        | Reached XP level 5. HP: 28/28 MP: 6/6
   444 | D        | Reached XP level 6. HP: 32/32 MP: 7/7
   446 | D        | Found a blossoming altar of Fedhas.
   446 | D        | Found a stormy altar of Qazlal.
   447 | D        | Found a snail-covered altar of Cheibriados.
   447 | D        | Found a burning altar of Makhleb.
   447 | D        | Found a hazy altar of Hepliaklqana.
   447 | D        | Found a shimmering altar of Xom.
   447 | D        | Found an opulent altar of Gozag.
   447 | D        | Found a sparkling altar of Nemelex Xobeh.
   447 | D        | Found a corrupted altar of Lugonu.
   447 | D        | Found a viscous altar of Jiyva.
   447 | D        | Noticed a spatial vortex
   451 | D        | Became a worshipper of Gozag Ym Sagoz the Greedy
   520 | D        | Found a radiant altar of Vehumet.
   520 | D        | Found a shimmering blue altar of Sif Muna.
   520 | D        | Found an ancient bone altar of Kikubaaqudgha.
   525 | D        | Reached skill level 16 in Stealth
   525 | D        | Reached skill level 1 in Spellcasting
   531 | D        | Learned a level 1 spell: Animate Skeleton
   534 | D        | Learned a level 2 spell: Ensorcelled Hibernation
   536 | D        | Learned a level 1 spell: Corona
   542 | D        | Found a glowing silver altar of Zin.
   542 | D        | Found a glowing golden altar of the Shining One.
   542 | D        | Found a white marble altar of Elyvilon.
   543 | D        | Noticed a deep elf pyromancer
   545 | D        | Killed a deep elf pyromancer
   546 | D        | Reached skill level 18 in Stealth
   546 | D        | Reached skill level 1 in Ice Magic
   546 | D        | Reached XP level 7. HP: 37/37 MP: 8/12
   580 | D        | Found a hide-covered altar of Uskayaw.
   580 | D        | Found an iron altar of Okawaru.
   580 | D        | Found a bloodstained altar of Trog.
   580 | D        | Found an ornate altar of the Wu Jian Council.
   580 | D        | Noticed a human
   580 | D        | Noticed a human
   583 | D        | Killed a human
   584 | D        | Reached skill level 19 in Stealth
   635 | D        | Killed a human
   636 | D        | Reached XP level 8. HP: 42/42 MP: 14/14
   682 | D        | Found a basalt altar of Yredelemnul.
   682 | D        | Found a shadowy altar of Dithmenos.
   682 | D        | Found a sacrificial altar of Ru.
  1052 | D        | Reached skill level 20 in Stealth
  1219 | D        | Noticed a two-headed ogre
  1222 | D        | Killed a two-headed ogre
  1223 | D        | Reached skill level 5 in Spellcasting
  1233 | D        | Noticed a two-headed ogre
  1233 | D        | Noticed Erolcha
  1235 | D        | Killed Erolcha
  1236 | D        | Reached skill level 5 in Fighting
  1236 | D        | Reached skill level 5 in Short Blades
  1236 | D        | Reached skill level 5 in Throwing
  1236 | D        | Reached skill level 5 in Hexes
  1236 | D        | Reached XP level 9. HP: 47/47 MP: 16/19
  1236 | D        | Killed a two-headed ogre
  1257 | D        | Reached skill level 5 in Shields
  1274 | D        | Reached skill level 21 in Stealth
  1347 | D        | Noticed a wandering mushroom
  1351 | D        | Noticed a wandering mushroom
  1353 | D        | Noticed a wandering mushroom
  2476 | D        | Noticed Duvessa
  2477 | D        | Noticed Dowan
  2540 | D        | Killed Dowan
  2541 | D        | Reached skill level 10 in Dodging
  2541 | D        | Reached XP level 10. HP: 53/53 MP: 14/23
  2582 | D        | Killed Duvessa
  2583 | D        | Reached skill level 5 in Ice Magic
  2821 | D        | Noticed a sun demon
  2827 | D        | Noticed an orange demon
  2829 | D        | Noticed an orange demon
  2833 | D        | Mangled by an orange demon

Illustrated notes

Levels and vault maps discovered:
D:        dungeon_sprint_mu [sprint_mu_entry_forest, sprint_mu_temple_rooms,
          sprint_mu_d1_spiders, sprint_mu_d2_genie, sprint_mu_d3_branching,
          sprint_mu_orc_legion, sprint_mu_elf_gauntlet, sprint_mu_hive_nellie,
          sprint_mu_lair_fedhas, sprint_mu_vaults_butterflies,
          sprint_mu_slime_circle, sprint_mu_swamp_cave, sprint_mu_snake_twists,
          sprint_mu_blade_basic, sprint_mu_crypt_lich, sprint_mu_tomb_spiral,
          sprint_mu_vestibule_basic, sprint_mu_gehenna_hellfire,
          sprint_mu_dis_giant, sprint_mu_tartarus_statrot,
          sprint_mu_cocytus_islands, sprint_mu_zot1]

Skill      XL: |  1  2  3  4  5  6  7  8  9 10 |
---------------+-------------------------------+-----
Stealth        | 9 12 15 18 19 20 21 | 21.4
Fighting       | 2 3 4 5 6 |  6.5
Dodging        | 3 4 5 7 8 10 | 10.2
Shields        | 1 2 3 4 5 |  5.7
Short Blades   | 3 4 5 |  5.2
Throwing       | 3 5 |  5.9
Spellcasting   | 3 6 8 9 |  9.0
Hexes          | 2 3 5 7 8 |  8.0
Ice Magic      | 1 2 3 4 5 |  5.0
Long Blades    | 2 |  2.5

Action                   |  1- 3 |  4- 6 |  7- 9 | 10-12 || total
-------------------------+-------+-------+-------+-------++-------
Melee: Dagger            |    12 |     5 |    88 |    10 ||   115
       Peck              |       |       |    30 |     3 ||    33
       Long sword        |       |       |    26 |       ||    26
Throw: Dart              |       |       |    27 |     3 ||    30
       Stone             |       |       |     3 |     3 ||     6
 Cast: Corona            |       |       |    11 |     1 ||    12
       Ensorcelled Hiber |       |       |    18 |     4 ||    22
  Use: Potion            |     3 |       |     1 |       ||     4
       Scroll            |       |       |       |     5 ||     5
 Stab: Sleeping          |     4 |     5 |    10 |     1 ||    20
       Distracted        |       |       |       |     1 ||     1
Armor: Robe              |       |       |     6 |       ||     6
Dodge: Dodged            |     5 |       |    61 |    10 ||    76
Block: Buckler           |       |       |    30 |     6 ||    36
       Rpst.: Long sword |       |       |     5 |       ||     5
